 Dungeon Crawl Stone Soup version 0.30-a0-34-gbe8da3892a (webtiles) character file.

Game seed: 510093712631100123

45 ytrimaz the Insei (level 3, -6/23 HPs)
             Began as an Octopode Transmuter on Aug 27, 2022.
             Mangled by a black bear (11 damage)
             ... on level 4 of the Dungeon.
             The game lasted 00:01:36 (1674 turns).

ytrimaz the Insei (Octopode Transmuter)             Turns: 1674, Time: 00:01:36

Health: -6/23      AC:  2    Str:  9    XL:     3   Next: 64%
Magic:  1/6        EV: 19    Int: 17    God:
Gold:   83         SH:  0    Dex: 17    Spells: 0/6 levels left

rFire   . . .      SeeInvis .      - Unarmed
rCold   . . .      Faith    .    (shield currently unavailable)
rNeg    . . .      Spirit   .    (helmet currently unavailable)
rPois   x          Reflect  .    (no amulet)
rElec   .          Harm     .    (no ring)
rCorr   .          Rampage  .    (no ring)
Will    .....                    (no ring)
Stlth   ++........               (no ring)
HPRegen 0.07/turn                (no ring)
MPRegen 0.10/turn                (no ring)
                                 (no ring)
                                 (no ring)

@: spider-form (expiring)
A: venomous fangs, almost no armour, (amphibious), 8 rings, tiny, (camouflage
1), (gelatinous body 1), (nimble swimmer 1), (tentacles)
a: End Transformation


You were on level 4 of the Dungeon.
You were a venomous arachnid creature.
You visited 1 branch of the dungeon, and saw 3 of its levels.

You collected 83 gold pieces.

Inventory:

Jewellery
 b - a ring of fire
Scrolls
 f - a scroll of torment {unknown}
Potions
 a - 2 potions of invisibility {unknown}
 c - a potion of degeneration {unknown}
 d - 2 potions of mutation {unknown}
 e - 2 potions of heal wounds {unknown}


   Skills:
 - Level 1.0 Fighting
 - Level 2.0 Dodging
 - Level 3.8 Unarmed Combat
 + Level 2.4 Spellcasting
 + Level 2.3 Transmutations
 * Level 0.9 Poison Magic


You couldn't memorise any spells.
You knew the following spells:

 Your Spells              Type           Power      Damage    Failure   Level
a - Beastly Appendage     Tmut           20%        N/A       19%         1
b - Wereblood             Tmut           10%        N/A       26%         2
c - Spider Form           Tmut/Pois      7%         N/A       50%         3

Your spell library contained the following spells:

 Spells                   Type           Power      Damage    Failure   Level
 Portal Projectile        Hex/Tloc       4%         N/A       71%         3
 Tukima's Dance           Hex            2%         N/A       71%         3
 Ice Form                 Ice/Tmut       6%         N/A       89%         4
 Blade Hands              Tmut           5%         N/A       97%         5


Dungeon Overview and Level Annotations

Branches:
Dungeon (2/15)

Altars:
Gozag


Innate Abilities, Weirdness & Mutations

You are a venomous arachnid creature.
You have poisonous fangs.
You are tiny and dextrous.
Your spellcasting is less reliable in this form.
Your armour is entirely melded.
You are incapable of wielding weapons or throwing items.
You cannot wear most types of armour.
((You are amphibious.))
You can wear up to eight rings at the same time.
((Your skin changes colour to match your surroundings (Stealth+).))
((Your rubbery body absorbs attacks. (AC +1, EV +1)))
((You are camouflaged when in or above water. (Stealth+)))
((You have tentacles for arms and can constrict up to eight enemies at once.))


Message History

Found a glowing dagger.
Found a stone staircase leading down.
You hit the black bear but do no damage.
The black bear is poisoned.
The black bear bites you. The black bear claws you.
The black bear completely misses you.
You hit the black bear.
The black bear looks even sicker.
The black bear is lightly wounded.
The black bear closely misses you. The black bear claws you.
The black bear closely misses you.
An endoplasm comes into view.
Your magical contamination has completely faded away.
You hit the black bear.
The black bear looks as sick as possible!
The black bear is moderately wounded.
The black bear completely misses you. The black bear misses you.
The black bear barely misses you.
You hit the black bear.
The black bear looks as sick as possible!
The black bear is moderately wounded.
Your transformation is almost over.
The black bear misses you. The black bear claws you. The black bear misses you.
You hit the black bear.
The black bear looks as sick as possible!
The black bear is severely wounded.
The black bear goes berserk!
The endoplasm barely misses you.
You hit the black bear.
The black bear looks as sick as possible!
The black bear is severely wounded.
The black bear bites you. The black bear closely misses you. x2
The endoplasm freezes you.
You are frozen.
You barely miss the black bear.
The black bear is severely wounded.
The black bear bites you. The black bear claws you.
* * * LOW HITPOINT WARNING * * *
The black bear closely misses you. The endoplasm completely misses you.
Unknown command.
You hit the black bear.
The black bear is almost dead.
The black bear bites you!
You die...

#.## ####.# #.... ....##
# ....###...## #.
#..#.....######
##.#####>#............
.......###......#.##.
#.##.......#........# >.
)....##.##..#....>.###..
#..hs...##.......#.#.
###J..###.###......#.
.......# ##.#.....<...
####...# #.##.......
#...# #.##)....#.
#...#####.##.....#.
#...##.....<.......
#########.##...#.#.
#....#...#.#.


You could see a black bear (berserk, extremely poisoned) and an endoplasm.

Vanquished Creatures
  An adder (D:2)
  A worm (D:4)
  2 giant cockroaches
  4 goblins
  5 hobgoblins
  4 jackals (D:1)
  3 kobolds
  2 quokkas
  4 ball pythons (D:1)
  A frilled lizard (D:2)
  A rat (D:1)
28 creatures vanquished.

Notes
Turn   | Place    | Note
-------+----------+-------------------------------------------
     0 | D:1      | ytrimaz the Octopode Transmuter began the quest for the
                  | Orb.
     0 | D:1      | Reached XP level 1. HP: 13/13 MP: 3/3
     5 | D:1      | Noticed an anaconda
     8 | D:1      | Noticed a death yak
   105 | D:1      | Found a faded altar of an unknown god.
   178 | D:1      | Reached XP level 2. HP: 8/18 MP: 3/5
   949 | D:2      | Reached XP level 3. HP: 23/23 MP: 4/6
   952 | D:2      | Learned a level 2 spell: Wereblood
   956 | D:2      | Learned a level 3 spell: Spider Form
  1495 | D:2      | You fall into a shaft and drop 2 floors!
  1507 | D:4      | Found an opulent altar of Gozag.
  1657 | D:4      | Noticed a black bear
  1674 | D:4      | Mangled by a black bear

Illustrated notes

Levels and vault maps discovered:
D:1:      sevenhm_arrival_forest_fort_small_2, layout_basic,
          basic_ecumenical_altar
D:2:      layout_loops_corners
D:4:      layout_loops_cross, mainiacjoe_overflow_boulevard,
          grunt_gozag_breadcrumbs, gammafunk_ghost_necromancy

Action                   || total
-------------------------++-------
Melee: Unarmed           ||    68
       Kick              ||    11
       Tentacles         ||     9
       Constrict         ||    15
       Punch             ||     1
 Cast: Beastly Appendage ||    18
       Spider Form       ||     2
  Use: Potion            ||     1
       Scroll            ||     5
 Stab: Sleeping          ||     2
Armor: Skin              ||    14
Dodge: Dodged            ||    38

Table legend: (Time is in decaauts)
 A = Elapsed time spent in this place.
 B = Non-inter-level travel time spent in this place.
 C = Inter-level travel time spent in this place.
 D = Time resting spent in this place.
 E = Time spent auto-exploring this place.
 F = Levels seen in this place.
 G = Mean time per level.
                   A        B        C        D        E       F      G
               +--------+--------+--------+--------+--------+-----+--------+
         Total |   1669 |   1650 |     19 |     76 |   1271 |   3 |  556.3 |
       Dungeon |   1669 |   1650 |     19 |     76 |   1271 |   3 |  556.3 |
               +--------+--------+--------+--------+--------+-----+--------+

Top non-repeatable levels by time:
     D:1: 904 daAuts
     D:2: 586 daAuts
     D:4: 177 daAuts
